NYP
LOS ANGELES (NYP) DODGERS @ BROOKLYN CYCLONES
08/07/2044
 
TOP OF THE 1ST
Los Angeles (NYP) Dodgers batting - Pitching for Brooklyn Cyclones : RHP David Anzaldua
Pitching: RHP David Anzaldua
Batting: RHB Mario Mejia 0-0: Ball
1-0: Ball
2-0: Called Strike
2-1: Ball
3-1: Base on Balls
Batting: RHB Leo Cuellar 0-0: Ball
Mario Mejia is caught stealing 2nd base 2-4
1-0: Called Strike
1-1: Swinging Strike
1-2: Ground out U3 (Groundball, 3S, EV 86.2 MPH)
Batting: SHB Chris Ackerson 0-0: Fly out, F7 (Flyball, 7, EV 78.1 MPH)
Top of the 1st over - 0 runs, 0 hits, 0 errors, 0 left on base; Los Angeles (NYP) 0 - Brooklyn 0
BOTTOM OF THE 1ST
Brooklyn Cyclones batting - Pitching for Los Angeles (NYP) Dodgers : RHP Dave Bible
Pitching: RHP Dave Bible
Batting: RHB Tony Oria 0-0: Ball
1-0: Ball
2-0: Ball
3-0: Called Strike
3-1: Fly out, F9 (Flyball, 89D, EV 96.9 MPH)
Batting: RHB Mario Trujillo 0-0: Called Strike
0-1: Ball
1-1: Called Strike
1-2: Fly out, F9 (Flyball, 9D, EV 100.6 MPH)
Batting: LHB Victor Ferrermena 0-0: Ball
1-0: Called Strike
1-1: Called Strike
1-2: Ball
2-2: Ball
3-2: Foul Ball, location: 2F
3-2: SINGLE (Flyball, 78S, EV 95.0 MPH)
Batting: LHB Adam Barry 0-0: Ball
1-0: Ball
Passed Ball!
Victor Ferrermena to second
2-0: Ball
3-0: Called Strike
3-1: Base on Balls
Batting: LHB Kodai Furuki 0-0: Ball
Passed Ball!
Victor Ferrermena to third
Adam Barry to second
1-0: Ground out 6-3 (Groundball, 6, EV 84.4 MPH)
Bottom of the 1st over - 0 runs, 1 hit, 0 errors, 2 left on base; Los Angeles (NYP) 0 - Brooklyn 0
TOP OF THE 2ND
Los Angeles (NYP) Dodgers batting - Pitching for Brooklyn Cyclones : RHP David Anzaldua
Batting: RHB Eddie Perry 0-0: Ball
1-0: Called Strike
1-1: Called Strike
1-2: Foul Ball, location: 2F
1-2: Ball
2-2: Foul Ball, location: 2F
2-2: Strikes out swinging
Batting: LHB Fernando Amaya 0-0: Hit by Pitch
Batting: LHB Stephen Van Raalte 0-0: Ball
1-0: Fly out, F5 (Flyball, 5D, EV 90.6 MPH)
Batting: RHB Jonathan Quijada 0-0: Ball
1-0: Foul Ball, location: 2F
1-1: Ball
2-1: Swinging Strike
2-2: Foul Ball, location: 2F
2-2: Strikes out swinging
Top of the 2nd over - 0 runs, 0 hits, 0 errors, 1 left on base; Los Angeles (NYP) 0 - Brooklyn 0
BOTTOM OF THE 2ND
Brooklyn Cyclones batting - Pitching for Los Angeles (NYP) Dodgers : RHP Dave Bible
Batting: RHB Leo Roman 0-0: Called Strike
0-1: Foul Ball, location: 2F
0-2: Strikes out swinging
Batting: RHB Oscar Chairez 0-0: Ball
1-0: Foul Ball, location: 2F
1-1: Called Strike
1-2: DOUBLE (Flyball, 8LXD, EV 97.5 MPH)
Batting: RHB Allen Wozniak 0-0: Called Strike
0-1: Ground out 5-3 (Groundball, 56, EV 108.1 MPH)
Batting: RHB Hyeok Kim 0-0: Ball
1-0: Ball
Passed Ball!
Oscar Chairez to third
2-0: Ground out 5-3 (Groundball, 56S, EV 92.5 MPH)
Bottom of the 2nd over - 0 runs, 1 hit, 0 errors, 1 left on base; Los Angeles (NYP) 0 - Brooklyn 0
TOP OF THE 3RD
Los Angeles (NYP) Dodgers batting - Pitching for Brooklyn Cyclones : RHP David Anzaldua
Batting: SHB John Gernaat 0-0: Called Strike
0-1: Swinging Strike
0-2: Ground out 3-1 (Groundball, 34, EV 90.0 MPH)
Batting: RHB Neal Jukic 0-0: Ball
1-0: Called Strike
1-1: Fly out, F7 (Flyball, 7LM, EV 72.5 MPH)
Batting: RHB Mario Mejia 0-0: Ball
1-0: Ball
2-0: Ground out 6-3 (Groundball, 6, EV 80.6 MPH)
Top of the 3rd over - 0 runs, 0 hits, 0 errors, 0 left on base; Los Angeles (NYP) 0 - Brooklyn 0
BOTTOM OF THE 3RD
Brooklyn Cyclones batting - Pitching for Los Angeles (NYP) Dodgers : RHP Dave Bible
Batting: RHB Tony Oria 0-0: Ball
1-0: Ball
2-0: Fly out, F9 (Flyball, 89M, EV 84.4 MPH)
Batting: RHB Mario Trujillo 0-0: Ball
1-0: Ball
2-0: Called Strike
2-1: Foul Ball, location: 2F
2-2: Strikes out looking
Batting: LHB Victor Ferrermena 0-0: Called Strike
0-1: Foul Ball, location: 2F
0-2: Ball
1-2: Foul Ball, location: 2F
1-2: Ball
2-2: SINGLE (Groundball, 4D, EV 97.5 MPH)
Batting: LHB Adam Barry 0-0: Ground out 1-3 (Groundball, 15S, EV 71.9 MPH)
Bottom of the 3rd over - 0 runs, 1 hit, 0 errors, 1 left on base; Los Angeles (NYP) 0 - Brooklyn 0
TOP OF THE 4TH
Los Angeles (NYP) Dodgers batting - Pitching for Brooklyn Cyclones : RHP David Anzaldua
Batting: RHB Leo Cuellar 0-0: Ball
1-0: Ball
2-0: Called Strike
2-1: Ground out 5-3 (Groundball, 56S, EV 85.0 MPH)
Batting: SHB Chris Ackerson 0-0: Swinging Strike
0-1: Called Strike
0-2: Ball
1-2: Strikes out looking
Batting: RHB Eddie Perry 0-0: Foul Ball, location: 2F
0-1: Foul Ball, location: 2F
0-2: Strikes out swinging
Top of the 4th over - 0 runs, 0 hits, 0 errors, 0 left on base; Los Angeles (NYP) 0 - Brooklyn 0
BOTTOM OF THE 4TH
Brooklyn Cyclones batting - Pitching for Los Angeles (NYP) Dodgers : RHP Dave Bible
Batting: LHB Kodai Furuki 0-0: Called Strike
0-1: Ball
1-1: Foul Ball, location: 2F
1-2: Fly out, F2 (Popup, 15S, EV 85.0 MPH)
Batting: RHB Leo Roman 0-0: Ball
1-0: Ball
2-0: Ball
3-0: Base on Balls
Batting: RHB Oscar Chairez 0-0: Called Strike
0-1: Grounds into double play, 5-4-3 (Groundball, 5, EV 84.4 MPH)
Bottom of the 4th over - 0 runs, 0 hits, 0 errors, 0 left on base; Los Angeles (NYP) 0 - Brooklyn 0
TOP OF THE 5TH
Los Angeles (NYP) Dodgers batting - Pitching for Brooklyn Cyclones : RHP David Anzaldua
Batting: LHB Fernando Amaya 0-0: Ball
1-0: Ground out 4-3 (Groundball, 4, EV 106.2 MPH)
Batting: LHB Stephen Van Raalte 0-0: Ball
1-0: Ball
2-0: Called Strike
2-1: Swinging Strike
2-2: Foul Ball, location: 2F
2-2: Strikes out swinging
Batting: RHB Jonathan Quijada 0-0: Ball
1-0: Foul Ball, location: 2F
1-1: Called Strike
1-2: Strikes out looking
Top of the 5th over - 0 runs, 0 hits, 0 errors, 0 left on base; Los Angeles (NYP) 0 - Brooklyn 0
BOTTOM OF THE 5TH
Brooklyn Cyclones batting - Pitching for Los Angeles (NYP) Dodgers : RHP Dave Bible
Batting: RHB Allen Wozniak 0-0: Ball
1-0: Fly out, F8 (Line Drive, 8LD, EV 95.0 MPH)
Batting: RHB Hyeok Kim 0-0: Foul Ball, location: 2F
0-1: SINGLE (Groundball, 56D, EV 95.0 MPH)
Batting: RHB Tony Oria 0-0: Ball
Passed Ball!
Hyeok Kim to second
1-0: Fly out, F8 (Flyball, 8RM, EV 85.6 MPH)
Batting: RHB Mario Trujillo 0-0: Foul Ball, location: 2F
0-1: Called Strike
0-2: Ball
1-2: Foul Ball, location: 2F
1-2: Foul Ball, location: 2F
1-2: Ball
Passed Ball!
Hyeok Kim to third
2-2: Foul Ball, location: 2F
2-2: Ball
3-2: Base on Balls
Pitching: RHP Cody Bryant
Batting: LHB Victor Ferrermena 0-0: Ball
1-0: Called Strike
1-1: Ball
2-1: Ball
Mario Trujillo steals 2nd base
3-1: Base on Balls
Batting: LHB Adam Barry 0-0: Ball
1-0: Called Strike
1-1: Reached on error, E6 (Groundball, 6, EV 102.5 MPH)
Hyeok Kim scores
Mario Trujillo to third
Victor Ferrermena to second
Batting: LHB Kodai Furuki 0-0: Ball
1-0: Ball
Passed Ball!
Mario Trujillo scores
Victor Ferrermena to third
Adam Barry to second
2-0: Ground out U3 (Groundball, 3, EV 101.2 MPH)
Bottom of the 5th over - 2 runs, 1 hit, 1 error, 2 left on base; Los Angeles (NYP) 0 - Brooklyn 2
TOP OF THE 6TH
Los Angeles (NYP) Dodgers batting - Pitching for Brooklyn Cyclones : RHP David Anzaldua
Batting: SHB John Gernaat 0-0: Foul Ball, location: 2F
0-1: Swinging Strike
0-2: Ball
1-2: Strikes out looking
Batting: RHB Neal Jukic 0-0: Ball
1-0: Swinging Strike
1-1: Ball
2-1: Ground out 5-3 (Groundball, 56, EV 80.6 MPH)
Batting: RHB Mario Mejia 0-0: Swinging Strike
0-1: Ball
1-1: Foul Ball, location: 2F
1-2: Foul Ball, location: 2F
1-2: Foul Ball, location: 2F
1-2: Foul Ball, location: 2F
1-2: Foul Ball, location: 2F
1-2: Foul Ball, location: 2F
1-2: Ball
2-2: Foul Ball, location: 2F
2-2: SINGLE (Groundball, 6S, EV 76.2 MPH) (infield hit)
Pitching: RHP Leo Burgos
Batting: RHB Leo Cuellar 0-0: Called Strike
Mario Mejia steals 2nd base
0-1: Foul Ball, location: 2F
0-2: Foul Ball, location: 2F
0-2: Strikes out looking and he ARGUES THE CALL AND IS TOSSED!
Top of the 6th over - 0 runs, 1 hit, 0 errors, 1 left on base; Los Angeles (NYP) 0 - Brooklyn 2
BOTTOM OF THE 6TH
Brooklyn Cyclones batting - Pitching for Los Angeles (NYP) Dodgers : RHP Cody Bryant
Now at C: Bobby Gambrell
Batting: RHB Leo Roman 0-0: Called Strike
0-1: Foul Ball, location: 2F
0-2: Ball
1-2: Foul Ball, location: 2F
1-2: Foul Ball, location: 2F
1-2: Ground out U3 (Groundball, 3, EV 85.0 MPH)
Batting: RHB Oscar Chairez 0-0: Called Strike
0-1: Ball
1-1: Fly out, F9 (Flyball, 9LM, EV 100.6 MPH)
Batting: RHB Allen Wozniak 0-0: Ground out 5-3 (Groundball, 56S, EV 89.4 MPH)
Bottom of the 6th over - 0 runs, 0 hits, 0 errors, 0 left on base; Los Angeles (NYP) 0 - Brooklyn 2
TOP OF THE 7TH
Los Angeles (NYP) Dodgers batting - Pitching for Brooklyn Cyclones : RHP Leo Burgos
Batting: SHB Chris Ackerson 0-0: Called Strike
0-1: Foul Ball, location: 2F
0-2: Foul Ball, location: 2F
0-2: Ball
1-2: Foul Ball, location: 2F
1-2: Foul Ball, location: 2F
1-2: Strikes out looking
Batting: RHB Eddie Perry 0-0: Called Strike
0-1: Ground out 5-3 (Groundball, 56S, EV 86.9 MPH)
Batting: LHB Fernando Amaya 0-0: Ball
1-0: Called Strike
1-1: Ball
2-1: Ground out 6-3 (Groundball, 56, EV 101.9 MPH)
Top of the 7th over - 0 runs, 0 hits, 0 errors, 0 left on base; Los Angeles (NYP) 0 - Brooklyn 2
BOTTOM OF THE 7TH
Brooklyn Cyclones batting - Pitching for Los Angeles (NYP) Dodgers : RHP Cody Bryant
Pitching: LHP Jake Hall
Batting: RHB Hyeok Kim 0-0: Called Strike
0-1: Swinging Strike
0-2: Strikes out swinging
Batting: RHB Tony Oria 0-0: Ground out 6-3 (Groundball, 6, EV 81.2 MPH)
Batting: RHB Mario Trujillo 0-0: Ball
1-0: Ball
2-0: Foul Ball, location: 2F
2-1: Foul Ball, location: 2F
2-2: Ball
3-2: Base on Balls
Batting: LHB Victor Ferrermena 0-0: Ball
1-0: Fielders Choice at 2nd, U6 (Groundball, 6M, EV 84.4 MPH)
Bottom of the 7th over - 0 runs, 0 hits, 0 errors, 1 left on base; Los Angeles (NYP) 0 - Brooklyn 2
TOP OF THE 8TH
Los Angeles (NYP) Dodgers batting - Pitching for Brooklyn Cyclones : RHP Leo Burgos
Batting: LHB Stephen Van Raalte 0-0: Ball
1-0: Foul Ball, location: 2F
1-1: Foul Ball, location: 2F
1-2: Foul Ball, location: 2F
1-2: Ball
2-2: Strikes out looking
Pinch Hitting: LHB Jim Schriver 0-0: Ball
1-0: Called Strike
1-1: Ball
2-1: Ball
3-1: Base on Balls
Batting: SHB John Gernaat 0-0: Ball
1-0: Ball
2-0: Ball
3-0: Called Strike
3-1: Base on Balls
Jim Schriver to second
Batting: RHB Neal Jukic 0-0: DOUBLE (Groundball, 5L, EV 103.1 MPH)
Jim Schriver scores
John Gernaat to third
Pinch Runner at 2nd Jonathan Kirsch:
Batting: RHB Mario Mejia 0-0: Ball
1-0: Ball
2-0: Called Strike
2-1: Foul Ball, location: 2F
2-2: Ground out 5-3 (Groundball, 56, EV 105.6 MPH)
John Gernaat scores
Pitching: LHP Mike Capers
Batting: LHB Bobby Gambrell 0-0: Called Strike
0-1: Foul Ball, location: 2F
0-2: Foul Ball, location: 2F
0-2: Ball
1-2: Strikes out looking
Top of the 8th over - 2 runs, 1 hit, 0 errors, 1 left on base; Los Angeles (NYP) 2 - Brooklyn 2
BOTTOM OF THE 8TH
Brooklyn Cyclones batting - Pitching for Los Angeles (NYP) Dodgers : LHP Jake Hall
Now at 3B: Jim Schriver
Now at SS: Mario Mejia
Now in CF: Pat Mage
Pinch Hitting: RHB Tony Infante 0-0: Ball
1-0: Ball
2-0: Called Strike
2-1: Foul Ball, location: 2F
2-2: Ball
3-2: Base on Balls
Batting: RHB Sergio Baeza 0-0: Ball
1-0: SINGLE (Groundball, 13, EV 83.1 MPH) (infield hit)
Tony Infante to second
Batting: RHB Leo Roman 0-0: Ball
1-0: Bunted foul
1-1: Bunted foul
1-2: Ball
2-2: Ball
Passed Ball!
Tony Infante to third
Sergio Baeza to second
3-2: Foul Ball, location: 2F
3-2: Foul Ball, location: 2F
3-2: Base on Balls
Batting: RHB Oscar Chairez 0-0: Ball
Passed Ball!
Tony Infante scores
Sergio Baeza to third
Leo Roman to second
1-0: Swinging Strike
1-1: Ball
2-1: Ball
3-1: Called Strike
3-2: Ground out 6-3 (Groundball, 6, EV 83.8 MPH)
Pitching: RHP Willie Alvarado
Batting: RHB Allen Wozniak 0-0: Called Strike
0-1: Ball
1-1: Ball
Wild Pitch!
Sergio Baeza scores
Leo Roman to third
2-1: Called Strike
2-2: Foul Ball, location: 2F
2-2: Ball
3-2: SINGLE (Groundball, 56D, EV 105.6 MPH)
Leo Roman scores
Batting: RHB Hyeok Kim 0-0: Ball
Allen Wozniak steals 2nd base
1-0: Ball
2-0: Ground out 4-3 (Groundball, 4MD, EV 102.5 MPH)
Allen Wozniak to third
Batting: RHB Tony Oria 0-0: Called Strike
0-1: Foul Ball, location: 2F
0-2: Ball
1-2: Ball
Passed Ball!
Allen Wozniak scores
2-2: Ball
3-2: Foul Ball, location: 2F
3-2: SINGLE (Groundball, 4S, EV 75.6 MPH) (infield hit)
Batting: RHB Mario Trujillo 0-0: Ball
1-0: Foul Ball, location: 2F
1-1: Called Strike
Tony Oria steals 2nd base (no throw)
1-2: Fly out, F8 (Flyball, 8RS, EV 80.0 MPH)
Bottom of the 8th over - 4 runs, 3 hits, 0 errors, 1 left on base; Los Angeles (NYP) 2 - Brooklyn 6
TOP OF THE 9TH
Los Angeles (NYP) Dodgers batting - Pitching for Brooklyn Cyclones : LHP Mike Capers
Now at 1B: Bill Fortin
Batting: SHB Chris Ackerson 0-0: Ball
1-0: Swinging Strike
1-1: SINGLE (Groundball, 4MD, EV 103.1 MPH)
Batting: RHB Eddie Perry 0-0: Ball
1-0: Foul Ball, location: 2F
1-1: Called Strike
1-2: Strikes out swinging
Batting: LHB Fernando Amaya 0-0: Ball
1-0: SINGLE (Line Drive, 6D, EV 96.9 MPH)
Chris Ackerson to second
Batting: LHB Stephen Van Raalte 0-0: Foul Ball, location: 2F
0-1: Grounds into double play, 3-6-3 (Groundball, 34, EV 81.2 MPH)
Top of the 9th over - 0 runs, 2 hits, 0 errors, 1 left on base; Los Angeles (NYP) 2 - Brooklyn 6
Thursday, March 31st , 2022 - OOTP Baseball 22.12 Build 89